 Dungeon Crawl Stone Soup version 0.31-a0-691-g409c26aa35 (webtiles) character file.

Game seed: 2030852149400486572

6416 avis the Nimble (level 10, 0/48 HPs)
             Began as a Felid Shapeshifter on Sept 6, 2023.
             Was an Initiate of Gozag.
             Constricted to death by a naga (4 damage)
             ... on level 1 of the Lair of Beasts on Sept 7, 2023.
             The game lasted 01:08:19 (11864 turns).

avis the Nimble (Felid Shapeshifter)               Turns: 11864, Time: 01:08:19

Health: 0/48       AC:  2    Str: 12    XL:     10   Next: 66%
Magic:  11/11      EV: 27    Int: 13    God:    Gozag
Gold:   1143       SH:  0    Dex: 17    Spells: 7/9 levels left
                                        Lives:  0   Deaths: 4

rFire   . .          .
                       - Unarmed
rCold   . . .        (shield unavailable)
rNeg    . . .        (body armour unavailable)
rPois   .            (helmet unavailable)
rElec   .            (cloak unavailable)
rCorr   .            (gloves unavailable)
SInv    +            (boots unavailable)
Will    ++...        (no amulet)
Stlth   +            y - +5 ring of evasion
HPRegen 0.28/turn    x - ring of willpower
MPRegen 0.12/turn

%: no passive effects
@: lethally poisoned (0 -> -4), flux-form, gold aura, glowing, constricted,
quick
A: glow, contaminating, very small, claws 1, fangs 3, see invisible, speed 1,
shaggy fur 2, stealthy paws, no weapons or thrown items, no armour, multi-lived
a: Begin Untransformation, Renounce Religion, Potion Petition, Call Merchant,
Bribe Branch


You were on level 1 of the Lair of Beasts.
You worshipped Gozag.
Gozag was most pleased with you.
You were something dangerously unstable.
You visited 3 branches of the dungeon, and saw 12 of its levels.

You collected 1245 gold pieces.
You paid 102 gold pieces to Gozag.

Inventory:

Jewellery
 h - a ring of positive energy
 x - a ring of willpower (right paw)
 y - a +5 ring of evasion (left paw)
Talismans
 b - a beast talisman
 f - a flux talisman (active)
Wands
 p - a wand of paralysis (19)
 v - a wand of flame (37)
Scrolls
 d - 3 scrolls of teleportation {unknown}
 g - 3 scrolls of blinking {unknown}
 i - 2 scrolls of fear {unknown}
 k - 3 scrolls of enchant armour
 l - 2 scrolls of summoning {unknown}
 m - a scroll of acquirement {unknown}
 o - a scroll of amnesia {unknown}
 q - 3 scrolls of vulnerability {unknown}
 u - a scroll of fog {unknown}
 w - 2 scrolls of immolation {unknown}
 E - 3 scrolls of revelation {unknown}
Potions
 a - a potion of enlightenment
 c - 3 potions of curing
 j - 2 potions of might
 n - 3 potions of magic
 r - 2 potions of ambrosia
 s - 2 potions of attraction
 t - a potion of heal wounds
 z - a potion of brilliance
 A - a potion of experience {unknown}
 B - a potion of degeneration {unknown}
 C - a potion of invisibility {unknown}
 D - a potion of cancellation {unknown}


   Skills:
 - Level 8.0 Fighting
 - Level 12.0 Dodging
 - Level 3.0 Unarmed Combat
 * Level 11.6 Shapeshifting


You had 7 spell levels left.
You knew the following spells:

 Your Spells              Type           Power      Damage    Failure   Level
b - Blink                 Tloc           0%         N/A       43%         2

Your spell library contained the following spells:

 Spells                   Type           Power      Damage    Failure   Level
 Ensorcelled Hibernation  Hex/Ice        0%         N/A       43%         2
 Lesser Beckoning         Tloc           0%         N/A       43%         2
 Momentum Strike          Conj/Tloc      0%         3d8       43%         2
 Poisonous Vapours        Pois/Air       0%         N/A       43%         2
 Sublimation of Blood     Necr           0%         N/A       43%         2
 Ignite Poison            Fire/Tmut/Pois 0%         N/A       67%         3
 Airstrike                Air            0%         2d(0-16)  97%         4
 Anguish                  Hex/Necr       0%         N/A       97%         4
 Dispel Undead            Necr           0%         3d6       97%         4
 Sticky Flame             Conj/Fire      0%         2d3       97%         4
 Freezing Cloud           Conj/Ice/Air   0%         6-21      100%        5
 Ignition                 Fire           0%         3d3       100%        8


Dungeon Overview and Level Annotations

Branches:
Dungeon (9/15)             Temple (1/1) D:6            Lair (2/5) D:8
  Snake (0/4) Lair:2
  Swamp: Lair:2-3    Shoals: Lair:2-3       Orc: D:9-12

Altars:
Ashenzari
Cheibriados
Dithmenos
Elyvilon
Fedhas
Gozag
Hepliaklqana
Kikubaaqudgha
Makhleb
Nemelex Xobeh
Ru
Sif Muna
Trog
Uskayaw
Vehumet
Wu Jian
Xom
Yredelemnul
Zin
The Shining One

Shops:
D:5 *

Annotations:
D:2 1 runed translucent door, exclusion: door, Crazy Yiuf, Terence


Innate Abilities, Weirdness & Mutations

You are something dangerously unstable.
You glow with magical radiation, making you easy to see and hit.
Foes you strike become dangerously contaminated with magical radiation.
You have sharp claws.
You have razor-sharp teeth.
You have supernaturally acute eyesight. (SInv)
You cover ground quickly. (Speed+)
You are covered in thick fur. (AC +2)
Your paws help you pounce on unaware monsters.
You are incapable of wielding weapons or throwing items.
You cannot wear armour.
You gain extra lives every three experience levels.


Message History

The splash of poison misses you.
The splash of poison hits the naga but does no damage.
You scratch the naga.
The naga shudders as magic cascades through it!
The naga twists and deforms.
The naga is heavily wounded.
The naga misses you. The naga grabs you. The naga constricts you.
The naga hits you with a +3 long sword of holy wrath!
You scratch the naga.
The naga begins to glow.
The naga is severely wounded.
The naga completely misses you. The naga constricts you.
The naga completely misses you.
You barely miss the naga.
The naga is severely wounded.
The naga spits poison at you. The splash of poison misses you.
The splash of poison hits the naga.
The naga constricts you.
You scratch the naga.
The naga glows dangerously bright.
You bite the naga.
The naga is almost dead.
The naga barely misses you. The naga misses you. The naga constricts you.
* * * LOW HITPOINT WARNING * * *
You scratch the naga.
The naga shudders as magic cascades through it!!!
You kill the naga!
The naga completely misses you. The naga constricts you.
* * * LOW HITPOINT WARNING * * *
You scratch the naga but do no damage.
The naga begins to glow.
You bite the naga, but do no damage. The naga closely misses you.
The naga constricts you.
* * * LOW HITPOINT WARNING * * *
You scratch the naga but do no damage.
The naga glows dangerously bright.
You bite the naga.
The naga is lightly wounded.
The naga spits poison at you. The splash of poison hits you.
You are poisoned.
* * * LOW HITPOINT WARNING * * *
The naga constricts you.
You die...
Your body crumbles into a pile of gold.

.....................#......#
..............##...##......##
.............##.........####
...................##...##
....................#....##
.............###..........#
..###..#......#....##.#...#
..##..........#PN..##.#...##
Y.............##B..##.#....#
...............#$.........##
......................#...#
.......##....###.#.##.....##
...##.###....#####.........###
.###### ##.####..............#
.P# #.##.#..............# .##
#..................## .#
#.................##


You could see a naga (heavy contam, catching breath).

Vanquished Creatures
  A lindwurm (Lair:2)
  A black mamba (Lair:1)
  Psyche (D:8)
  2 rime drakes (Lair:1)
  A komodo dragon (Lair:1)
  Prince Ribbit (D:7)
  3 wyverns
  5 yaks (Lair:1)
  A naga (Lair:1)
  5 water moccasins
  A black bear (D:8)
  An orc warrior (D:7)
  2 ogres
  2 centaurs (D:8)
  A phantom (D:3)
  3 bullfrogs
  A gnoll sergeant (D:6)
  4 scorpions
  8 wights
  4 howler monkeys
  3 hounds
  3 jellies
  An orc priest (D:5)
  2 gnoll boudas
  3 sleepcaps
  3 iguanas
  6 orc wizards
  13 adders
  18 gnolls
  A shadow imp (D:6)
  4 worms
  22 orcs
  6 bats
  2 bat zombies (D:3)
  5 endoplasms
  6 giant cockroaches
  7 goblins
  5 hobgoblins
  9 jackals
  4 quokkas
  8 ball pythons
  3 frilled lizards
  8 kobolds
  8 rats
198 creatures vanquished.

Notes
Turn   | Place    | Note
-------+----------+-------------------------------------------
     0 | D:1      | avis the Felid Shapeshifter began the quest for the Orb.
     0 | D:1      | Reached XP level 1. HP: 9/9 MP: 2/2
   102 | D:1      | Reached XP level 2. HP: 13/13 MP: 3/3
   108 | D:1      | Reached skill level 3 in Dodging
   518 | D:1      | Reached XP level 3. HP: 16/16 MP: 4/4
  1134 | D:2      | Identified the +2 chain mail of Okawaru's Hope {Harm Will+
                  | Dex+2}
  1186 | D:2      | Found a runed translucent door.
  1187 | D:2      | Noticed Crazy Yiuf
  1354 | D:2      | Noticed Terence
  1612 | D:2      | Reached XP level 4. HP: 15/19 MP: 5/5
  2185 | D:3      | Reached skill level 5 in Shapeshifting
  2300 | D:3      | Reached XP level 5. HP: 8/23 MP: 6/6
  2690 | D:3      | Reached skill level 4 in Dodging
  3093 | D:3      | Reached skill level 5 in Dodging
  3136 | D:3      | Noticed a phantom
  3168 | D:3      | Killed a phantom
  3169 | D:3      | Gained mutation: You are covered in thick fur. (AC +2)
                  | [Felid growth]
  3169 | D:3      | Reached XP level 6. HP: 15/28 MP: 7/7
  3245 | D:3      | Found an ancient bone altar of Kikubaaqudgha.
  3787 | D:4      | Reached skill level 6 in Dodging
  4213 | D:5      | Entered Level 5 of the Dungeon
  4229 | D:4      | Slain by a sleepcap
  4282 | D:4      | Reached XP level 7. HP: 15/33 MP: 8/8
  4571 | D:4      | Reached skill level 5 in Fighting
  5024 | D:5      | Reached skill level 7 in Dodging
  5155 | D:5      | Found Qesoaxti's CLEARANCE SALE!.
  5459 | D:5      | Reached skill level 8 in Dodging
  5556 | D:5      | Found a hide-covered altar of Uskayaw.
  5795 | D:6      | Reached skill level 9 in Dodging
  5795 | D:6      | Reached XP level 8. HP: 34/37 MP: 9/9
  5809 | D:6      | Found a staircase to the Ecumenical Temple.
  5825 | Temple   | Entered the Ecumenical Temple
  5831 | Temple   | Became a worshipper of Gozag Ym Sagoz the Greedy
  8072 | D:7      | Found a hazy altar of Hepliaklqana.
  8176 | D:7      | You fall into a shaft and drop 2 floors!
  8233 | D:9      | Demolished by an orc warrior
  8285 | D:9      | Reached XP level 9. HP: 21/41 MP: 10/10
  8464 | D:7      | Got the Atlas of the Cumulonimbus and the Undead
  8779 | D:7      | Noticed Prince Ribbit
  8798 | D:7      | Killed Prince Ribbit
  8950 | D:7      | Learned a level 2 spell: Blink
  8958 | D:8      | Found a staircase to the Lair.
  8983 | D:8      | Noticed Psyche
  8993 | D:8      | Killed Psyche
  9173 | D:8      | Mangled by a wight
  9427 | D:8      | Reached skill level 10 in Dodging
  9594 | D:8      | Found a sparkling altar of Nemelex Xobeh.
  9820 | D:8      | Reached skill level 11 in Dodging
  9932 | Lair:1   | Entered Level 1 of the Lair of Beasts
 10066 | Lair:1   | Found a bloodstained altar of Trog.
 10285 | Lair:1   | Noticed a rime drake
 10306 | Lair:1   | Killed a rime drake
 10307 | Lair:1   | Reached skill level 12 in Dodging
 10307 | Lair:1   | Reached XP level 10. HP: 19/48 MP: 11/11
 10598 | Lair:1   | Noticed a black mamba
 10615 | Lair:1   | Killed a black mamba
 10615 | Lair:1   | HP: 1/48 [poisoned by a black mamba]
 10616 | Lair:1   | Reached skill level 10 in Shapeshifting
 10616 | Lair:1   | Succumbed to a black mamba's poison
 11215 | Lair:2   | Noticed a lindwurm
 11314 | Lair:2   | Killed a lindwurm
 11759 | Lair:2   | Found a staircase to the Snake Pit.
 11864 | Lair:1   | Constricted to death by a naga

Illustrated notes

Levels and vault maps discovered:
D:1:      shiori_arrival_oz, layout_rooms
D:2:      layout_basic, nicolae_wormholes, uniq_terence, uniq_crazy_yiuf_cottage
D:3:      layout_loops_cross, lemuel_zombie_altar_kikubaaqudgha,
          minmay_fountain_box
D:4:      layout_rooms
D:5:      layout_basic, nicolae_uskayaw_suspiria, nicolae_shop_clearance
D:6:      layout_basic, minmay_temple_entry_ruins
D:7:      layout_basic, nicolae_overflow_hidden_temple, uniq_prince_ribbit1
D:8:      layout_cave_pools, mainiacjoe_overflow_boulevard, dpeg_oklobed_lair,
          uniq_psyche
D:9:      layout_roguey, minitemple, david_orc_2
Temple:   eino_temple_rhombus
Lair:1:   layout_gridlike, basic_altar
Lair:2:   layout_regular_city, shoals_dummy_entry,
          minmay_snake_entry_guardpost_small, lemuel_fruit_fields,
          serial_bayou_shore_b, uniq_fannar

Skill      XL: |  1  2  3  4  5  6  7  8  9 10 |
---------------+-------------------------------+-----
Fighting       | 2 3 4 5 6 8 |  8.0
Dodging        | 3 5 6 9 12 | 12.0
Shapeshifting  | 4 5 8 9 11 | 11.6
Unarmed Combat | |  3.0

Action                     |  1- 3 |  4- 6 |  7- 9 | 10-12 || total
---------------------------+-------+-------+-------+-------++-------
  Melee: Unarmed           |   112 |   181 |   413 |    91 ||   797
         Bite              |    11 |    15 |    55 |    14 ||    95
         Punch             |     5 |     7 |     5 |       ||    17
  Evoke: Wand              |       |     1 |    18 |     7 ||    26
    Use: Potion            |       |     1 |     4 |     1 ||     6
         Scroll            |       |       |     1 |     5 ||     6
   Stab: Sleeping          |     2 |     6 |       |       ||     8
         Paralysed         |       |     3 |     1 |       ||     4
         Distracted        |       |       |     1 |       ||     1
 Armour: Skin              |    23 |    61 |   159 |    23 ||   266
  Dodge: Dodged            |    73 |    96 |   345 |   111 ||   625
   Form: Flux              |       |       |     1 |       ||     1

Table legend: (Time is in decaauts)
 A = Elapsed time spent in this place.
 B = Non-inter-level travel time spent in this place.
 C = Inter-level travel time spent in this place.
 D = Time resting spent in this place.
 E = Time spent auto-exploring this place.
 F = Levels seen in this place.
 G = Mean time per level.
                   A        B        C        D        E       F      G
               +--------+--------+--------+--------+--------+-----+--------+
         Total |  10409 |   9556 |    853 |   3175 |   3334 |  12 |  867.4 |
       Dungeon |   8783 |   8014 |    769 |   2661 |   2783 |   9 |  975.9 |
        Temple |     10 |      2 |      8 |      0 |      0 |   1 |   10.0 |
          Lair |   1614 |   1538 |     76 |    514 |    551 |   2 |  807.0 |
               +--------+--------+--------+--------+--------+-----+--------+

Top non-repeatable levels by time:
  Lair:1: 1516 daAuts
     D:3: 1476 daAuts
     D:6: 1414 daAuts
     D:7: 1370 daAuts
     D:2: 968 daAuts
     D:1: 874 daAuts
     D:5: 872 daAuts
     D:8: 805 daAuts
     D:4: 801 daAuts
     D:9: 199 daAuts
  Lair:2: 98 daAuts
  Temple: 10 daAuts
